Map: Lerilak Crest

Players

LilDicky

  • Race: Terran Terran
  • League: Diamond

Typic - Winner!

  • Race: Terran Terran
  • League: Diamond

VOD

http://www.twitch.tv/tumescentpie

Description

Time

  • Played on: Dec. 8, 2015, 10:54 a.m.
  • Length: 9:09
Show
View Real Time Build Order
Export as new Build Order

LilDicky Terran 

Build Orders: Mech, Banshee Rush 

Get SALT Encoding   

  12  0:02  SCV  
  13  0:14  SCV  
  14  0:18  Supply Depot  
  14  0:26  SCV  
  15  0:31  Refinery  
  15  0:40  SCV  
  16  0:45  Barracks  
  16  0:52  SCV  
  17  1:04  SCV  
  18  1:13  Supply Depot  
  18  1:16  SCV  
  19  1:23  Refinery  
  19  1:29  SCV  
  20  1:41  SCV  
  20  1:43  Reaper  
  22  1:57  Supply Depot  
  21  2:09  SCV  
  21  2:10  Factory  
  21  2:12  Supply Depot  
  22  2:20  Marine  
  24  2:31  Orbital Command  
  23  2:38  Marine  
  24  2:56  Factory Tech Lab, Starport  
  24  2:58  Marine  
  24  3:01  SCV  
  26  3:14  SCV  
  27  3:22  Marine  
  27  3:23  Engineering Bay  
  27  3:24  Widow Mine  
  27  3:26  SCV  
  31  3:38  SCV  
  31  3:48  Cloaking Field  
  31  3:49  Banshee  
  31  3:52  Command Center  
  34  4:01  Missile Turret  
  34  4:02  Marine  
  35  4:09  Factory Tech Lab  
  35  4:11  SCV  
  35  4:15  Supply Depot  
  36  4:23  SCV, Marine  
  38  4:37  Banshee, Siege Tank  
  44  4:44  Supply Depot  
  41  5:14  Siege Tank  
  44  5:21  Command Center  
  44  5:24  SCV  
  44  5:27  Raven  
  47  5:30  Missile Turret  
  47  5:35  Starport  
  47  5:36  SCV  
  48  5:45  Missile Turret  
  48  5:48  SCV  
  45  6:12  Orbital Command  
  45  6:14  SCV, Refinery x2  
  46  6:26  SCV  
  47  6:38  SCV  
  48  6:59  Siege Tank  
  51  7:01  Banshee  
  54  7:20  Starport Reactor  
  51  7:27  Factory x2, Missile Turret  
  51  7:31  Siege Tank  
  51  7:33  Supply Depot  
  51  7:34  Missile Turret  
  51  7:36  SCV x2  
  57  7:40  Orbital Command  
  56  7:48  SCV  
  56  7:51  SCV  
  58  8:00  Supply Depot, Sensor Tower, SCV  
  58  8:01  Viking  
  58  8:03  Viking  
  63  8:10  Viking  
  63  8:11  SCV  
  66  8:13  Factory Tech Lab, Factory Reactor  
  66  8:17  SCV x2  
  68  8:23  SCV  
  68  8:25  Siege Tank  
Show
View Real Time Build Order
Export as new Build Order

Typic Terran - Winner!

Build Orders: Reaper Expand, MMM Bio 

Get SALT Encoding   

  12  0:01  SCV  
  13  0:13  SCV  
  14  0:17  Supply Depot  
  14  0:25  SCV  
  15  0:38  SCV  
  15  0:40  Barracks  
  16  0:46  Refinery  
  16  0:50  SCV  
  17  1:02  SCV  
  18  1:14  SCV  
  19  1:27  Orbital Command  
  19  1:29  Reaper  
  20  1:47  Command Center  
  20  2:11  SCV  
  21  2:19  Barracks Reactor  
  21  2:20  Supply Depot  
  21  2:23  SCV  
  21  2:24  Factory  
  21  2:27  Refinery  
  22  2:36  SCV  
  23  2:48  SCV  
  24  2:56  Marine x2  
  26  3:00  SCV, Orbital Command  
  27  3:10  Hellion, Starport  
  29  3:13  SCV  
  29  3:17  Engineering Bay, Marine x2  
  32  3:25  SCV  
  33  3:28  SCV  
  33  3:33  Factory Tech Lab  
  34  3:41  SCV  
  35  3:42  SCV  
  35  3:46  Missile Turret x2  
  35  3:48  Starport Tech Lab  
  36  3:52  Barracks  
  36  3:56  SCV x2  
  36  4:00  Marine x2  
  40  4:07  Cloaking Field  
  40  4:11  Banshee  
  43  4:20  Siege Tank  
  46  4:27  Supply Depot  
  46  4:32  Supply Depot  
  46  4:36  Supply Depot  
  46  4:39  Marine x2  
  46  4:41  Barracks Tech Lab  
  48  4:47  SCV x2  
  50  4:58  Viking  
  51  5:03  Marine x3  
  51  5:05  SCV x2  
  56  5:08  Refinery  
  55  5:19  Stimpack  
  55  5:20  SCV x2, Barracks  
  57  5:24  Marine x3  
  60  5:37  SCV x2  
  60  5:40  Refinery  
  60  5:42  Siege Tank  
  65  5:49  Marine x3  
  68  6:02  SCV x2  
  67  6:10  Starport Reactor  
  67  6:13  Factory  
  67  6:18  Barracks Reactor  
  67  6:23  SCV x2  
  69  6:26  Command Center  
  69  6:28  Barracks  
  69  6:31  Barracks  
  62  6:49  Marine x3  
  62  6:52  Command Center  
  63  7:00  SCV x2  
  63  7:05  Marine x2  
  63  7:08  Siege Tank  
  65  7:19  Medivac x2  
  65  7:22  Combat Shields  
  69  7:23  Marine x3  
  69  7:24  Marine  
  69  7:25  Barracks Reactor  
  69  7:26  Barracks Tech Lab  
  69  7:28  Barracks Reactor  
  73  7:33  Marine  
  73  7:35  Siege Tank  
  77  7:41  Engineering Bay  
  77  7:43  Command Center, Armory, Supply Depot  
  77  7:44  Supply Depot  
  77  7:45  Supply Depot  
  77  8:05  Siege Tank  
  80  8:08  SCV x2  
  80  8:12  Marine x6  
  86  8:13  Marine x3  
  86  8:19  Siege Tank  
  94  8:22  Medivac  
  94  8:24  Medivac  
  81  8:46  Marine x6  
  81  8:47  Marine x3  
  84  8:52  SCV  
Tags
 
Add a new tag
Caveats
  • Supply blocks, unpowered buildings, or Contaminate may cause inaccurate times.
  • Supply counts are checked every 10 seconds.